[Event "WSTCC-50 2024"]
[Site "Krakow"]
[Date "2024.07.05"]
[Round "4.2"]
[White "Shabalov, Alexander"]
[Black "Godena, Michele"]
[Result "0-1"]
[ECO "D25"]
[WhiteElo "2467"]
[BlackElo "2426"]
[Annotator "TA"]
[PlyCount "116"]
[EventDate "2024.07.01"]
[EventType "team-tourn"]
[EventCountry "POL"]
[SourceTitle "playchess.com"]
[Source "ChessBase"]
[SourceQuality "1"]
[TimeControl "40/5400+30:1800+30"]

1. d4 {[%emt 0:00:05] Huzman,Alexander} d5 2. c4 dxc4 3. Nf3 Nf6 4. e3 Bg4 5. Bxc4 e6 6. h3 Bh5 7. Nc3 Nbd7 8. Be2 Bb4 {[%emt 0:07:57] D25: Queen's Gambit Accepted: 4 e3: sidelines and 4...Bg4.} 9. Qb3 Qe7 $146 ({Predecessor:} 9... c5 10. O-O O-O 11. Rd1 Bxc3 12. bxc3 Qc7 13. c4 Rac8 14. Ba3 Rfd8 15. Rac1 b6 16. Bb2 h6 17. d5 Re8 18. Bxf6 Nxf6 19. d6 Qb7 20. g4 Bg6 21. Ne5 Red8 22. Nxg6 fxg6 {½-½ Huzman,A (2581)-Cvitan,O (2511) EU-chT (Men) 12th 1999 (2.4)}) 10. a3 Bxc3+ 11. bxc3 Rb8 12. c4 O-O 13. Bb2 c5 14. O-O Ne4 15. Rfe1 Bxf3 16. gxf3 Nd6 17. Rad1 cxd4 18. exd4 b5 19. c5 Qg5+ 20. Kh1 Nc4 21. Rg1 Qf5 22. Rg3 Nxb2 23. Qxb2 Nf6 24. Bd3 Qf4 25. Qe2 Nd5 26. Qe4 g6 27. h4 Rfd8 28. Bc2 (28. Bf1 {was called for.}) 28... Qf6 29. Rd2 h5 30. Rg5 Rbc8 31. Bb3 {[%emt 0:01:33] [#]} Ne7 $1 32. f4 (32. Rd3 {is a better defense.}) 32... Kg7 33. Rd3 Nf5 34. d5 Rxc5 (34... Nxh4 $2 35. d6 Nf5 36. Qb4 $17) 35. dxe6 (35. Kh2 $142 exd5 (35... Nxh4 $2 36. Qe3 $19) 36. Bxd5) 35... Rxd3 36. Qxd3 Qc3 $2 (36... fxe6 $2 37. Qd7+ Kh6 38. Qxe6 $17) (36... Rc1+ 37. Bd1 Qxe6 (37... fxe6 $2 38. Qd2 $19)) 37. Qxc3+ Rxc3 38. e7 Rc1+ (38... Rxb3 $2 39. e8=Q (39. e8=B $2 Rxa3 40. Bd7 Ra1+ 41. Kh2 f6 $19) 39... Nxh4 40. Rg3 (40. Rxb5 Rxb5 41. Qxb5 Nf5 $18) (40. Qe5+ Kh7 $18) 40... Rxg3 41. fxg3 $18) 39. Kh2 {[%emt 0:00:16] [#]} Re1 (39... Nxh4 40. e8=Q (40. e8=R Nf3+ 41. Kg2 Nxg5 $18) 40... Nf3+ 41. Kg2 Nxg5 42. fxg5 Rc4 43. Qe5+ (43. Bxc4 bxc4 44. Qc8 h4 45. Qxc4 Kf8 46. Qc5+ Kg8 47. Qxa7 Kh8) 43... Kf8 44. Qb8+ (44. Bxc4 bxc4 45. Qc5+ Ke8 46. Qxa7 Kd8 47. a4 h4 48. a5 c3) 44... Ke7 45. Qxa7+ (45. Bxc4 bxc4 46. Qc7+ Ke6 47. Qxc4+ Ke7 48. Qa6 h4 49. Qf6+ Kd7 50. Qxf7+ Kd6) 45... Kd6 46. Bxc4) (39... Nxe7 40. Rxb5 Rc7 41. Bd5 $15) (39... Rc8 $1 $19 {[%cal Og7f6] has better winning chances. Strongly threatening ...Kf6!} 40. Ba2 a6 (40... Nxe7 41. Rxb5 Rc2 42. Bb1 $17)) 40. Bc2 $17 Nxe7 (40... Nxh4 $2 41. Re5 (41. Rxb5 Rxe7 42. Kg3 Rc7 $11) 41... Nf3+ 42. Kg2 Nxe5 43. e8=Q $18 (43. e8=R $2 Nd3 $19) (43. e8=R $2 Nd3 $19)) 41. Rxb5 Re2 42. Rb7 $2 (42. Rc5 $17) 42... Rxf2+ $19 43. Kg1 Rxc2 44. Rxe7 Rc4 45. f5 Ra4 (45... Rxh4 46. fxg6 Rg4+ (46... Kxg6 47. Rxa7 Rh3 48. Kg2 $15) 47. Kh1 $17) (45... gxf5 $2 46. Rxa7 Rxh4 47. Ra5 $17) 46. fxg6 Kxg6 47. Re5 f6 ({Worse is} 47... Rxh4 48. Ra5 $11) ({Weaker is} 47... Rxa3 48. Rg5+ Kh6 49. Rf5 $15) 48. Re3 Rxh4 49. Rb3 Ra4 50. Kg2 Kg5 51. Kg3 f5 52. Rc3 a5 53. Rb3 h4+ 54. Kh2 Rc4 55. Rb5 Ra4 56. Rb3 Kg4 57. Kg2 Rc4 58. Rb5 h3+ 0-1

[Event "WSTCC-50 2024"]
[Site "Krakow"]
[Date "2024.07.05"]
[Round "4.2"]
[White "Clark, Gary M"]
[Black "Lampe, Dirk"]
[Result "1-0"]
[ECO "E94"]
[WhiteElo "2299"]
[BlackElo "2158"]
[Annotator "TA"]
[PlyCount "66"]
[EventDate "2024.07.01"]
[EventType "team-tourn"]
[EventCountry "POL"]
[SourceTitle "playchess.com"]
[Source "ChessBase"]
[SourceQuality "1"]
[TimeControl "40/5400+30:1800+30"]

1. d4 Nf6 2. c4 g6 3. Nc3 Bg7 4. e4 d6 5. Nf3 O-O 6. Be2 e5 7. O-O exd4 8. Nxd4 Re8 9. f3 c6 10. Nc2 Na6 11. Kh1 d5 12. cxd5 $16 cxd5 13. exd5 Bf5 {[%emt 0:13:34] Weiß steht etwas besser.} 14. Bb5 Re5 ({Günstiger ist} 14... Bd7 $14) 15. Ne3 Bd7 16. Bxd7 Qxd7 17. Nc4 Rh5 {[%emt 0:01:36] [#]} (17... Ree8 $16 {war einen Versuch wert.}) 18. g4 $1 $18 Qc7 (18... Rxh2+ $142 19. Kxh2 Qc7+ 20. d6 Qxc4) 19. gxh5 Qxc4 20. hxg6 hxg6 21. Be3 Nh5 22. Rg1 Re8 23. Rg4 (23. Bxa7 Nb4 24. Rg4 Nf4) 23... Qc8 24. Qd2 (24. Bxa7 Nf6 25. Rg2 Qf5 $18) 24... Qf5 25. Rf1 Nf6 26. Rc4 Qh3 $2 {[%emt 0:00:52] [#]} (26... b5 27. Rd4 (27. Nxb5 Nxd5 28. Bd4 Nb6 $18) 27... b4) 27. Kg1 b5 28. Rd4 Nc5 29. d6 Nfd7 30. Nd5 Be5 $2 (30... Bxd4 {war nötig.} 31. Qxd4 (31. Bxd4 Ne6 $18) 31... Rf8 32. Ne7+ Kh7) 31. Nc7 Rc8 32. Rd5 Na4 33. Bd4 ({Keinesfalls} 33. Rxb5 a6 $18) (33. Nxb5 Nxb2 34. Bxa7 Nc4 $18) 33... Rxc7 {Gewichteter Fehlerwert: Weiß=0.31/Schwarz=0.63.  Fehler:       	---       	Schwarz=6     Ungenau:       	Weiß=3     	Schwarz=2     OK:         	Weiß=7     	Schwarz=2     Bester:       	Weiß=1     	Schwarz=1     Stark:        	Weiß=1     	---} (33... Bxd4+ $142 34. Rxd4 (34. Qxd4 Qh6 $18) 34... Nac5) 1-0

[Event "WSTCC-50 2024"]
[Site "Krakow"]
[Date "2024.07.05"]
[Round "4.2"]
[White "Ograbek, Grzegorz"]
[Black "Becker, Rogerio Sperb"]
[Result "1-0"]
[ECO "E29"]
[WhiteElo "2063"]
[BlackElo "2053"]
[Annotator "NA RC"]
[PlyCount "59"]
[EventDate "2024.07.01"]
[EventType "team-tourn"]
[EventCountry "POL"]
[SourceTitle "playchess.com"]
[Source "ChessBase"]
[SourceQuality "1"]
[TimeControl "40/5400+30:1800+30"]

1. d4 Nf6 2. c4 e6 3. Nc3 Bb4 4. a3 Bxc3+ 5. bxc3 c5 6. e3 Nc6 7. Bd3 O-O 8. Ne2 b6 9. e4 Ne8 10. O-O Na5 11. Ng3 d6 12. f4 f5 13. d5 g6 14. dxe6 Bxe6 15. exf5 gxf5 16. Bxf5 Bxc4 17. Bd3 d5 18. f5 Bxd3 19. Qxd3 Nb3 20. Bg5 Qd7 21. Rae1 Rf7 22. Nh5 Kh8 23. Qg3 Rc8 24. Bf4 Nf6 25. Nxf6 Rxf6 26. Be5 Rcf8 27. Qh4 Qc6 28. Rf3 Nd2 29. Rh3 R8f7 30. Bxf6+ 1-0

[Event "WSTCC-50 2024"]
[Site "Krakow"]
[Date "2024.07.05"]
[Round "4.3"]
[White "Bellia, Fabrizio"]
[Black "Khachiyan, Melikset"]
[Result "1/2-1/2"]
[ECO "C41"]
[WhiteElo "2401"]
[BlackElo "2435"]
[Annotator "TA"]
[PlyCount "84"]
[EventDate "2024.07.01"]
[EventType "team-tourn"]
[EventCountry "POL"]
[SourceTitle "playchess.com"]
[Source "ChessBase"]
[SourceQuality "1"]
[TimeControl "40/5400+30:1800+30"]

1. e4 d6 2. d4 Nf6 3. Nc3 e5 4. Nf3 Nbd7 5. Bc4 Be7 6. O-O O-O 7. Re1 c6 8. a4 a5 9. h3 exd4 10. Qxd4 Nb6 11. Bb3 d5 (11... Nfd7 {with more complications.} 12. Be3 Nc5 13. Rad1 Re8) 12. exd5 Nfxd5 {[%emt 0:01:14] White is slightly better.} 13. Nxd5 Nxd5 14. Bxd5 cxd5 15. Bf4 Bf5 16. Qd2 Be4 17. Nd4 Bc5 18. c3 Qb6 19. f3 Bg6 20. Re2 Rfe8 21. Rae1 Rxe2 22. Rxe2 Qb3 23. Bd6 Ba7 24. Re7 {[%emt 0:01:41] Black is weak on the dark squares} h6 (24... Qxa4 $11 25. Rxb7 Qc4 (25... Qc6 $2 26. Rxa7 Qc8 27. Rc7 $18)) 25. Kh1 (25. Kh2 $1 $14 Bxd4 26. Qxd4) 25... Qb6 (25... Bxd4 $1 $11 {keeps the balance.} 26. Qxd4 Kh7) 26. Be5 $16 Rc8 27. Kh2 f6 28. Bf4 Re8 {[%emt 0:02:58] [#]} 29. Nf5 Rxe7 30. Nxe7+ Kh7 31. Nxd5 {[%emt 0:03:01] Active counter play!} (31. Qxd5 {gets mated.} Qg1+ (31... Qxb2 32. Qg8#) 32. Kg3 Bf2+ 33. Kg4 Qxg2+) 31... Qg1+ 32. Kg3 Bf7 {[%emt 0:01:14] [#] Hoping for ...Bxd5. A strong pair of Bishops. The position is equal.} 33. c4 h5 {[%emt 0:03:33][%cal Oa7f2] ( -> ...Bf2+!)} 34. h4 (34. Qxa5 $2 Bf2#) 34... Bxd5 35. cxd5 $11 {[%emt 0:00:36][%mdl 4096] Endgame. KQB-KQB} g5 $1 36. hxg5 Bf2+ $1 37. Kh3 $1 (37. Qxf2 $2 {too greedy.} h4+ 38. Kxh4 Qxf2+ $19) 37... fxg5 38. Qd3+ Kh6 39. Bh2 {[%emt 0:00:10] The board is on fire.} g4+ 40. fxg4 hxg4+ 41. Kxg4 Qxg2+ 42. Bg3 Bxg3 {[%emt 0:00:48] Weighted Error Value: White=0.14 (very precise) /Black=0.12 (very precise) .  Mistake:       	White=2     	Black=2      Inaccurate:     	White=1     	Black=1      OK:         	White=7     	Black=15     Best:        	White=1     	Black=2      Strong:       	White=1     	Black=2} 1/2-1/2

[Event "WSTCC-50 2024"]
[Site "Krakow"]
[Date "2024.07.05"]
[Round "4.3"]
[White "Santanna, Paulo"]
[Black "Czyz, Andrzej"]
[Result "1/2-1/2"]
[ECO "A87"]
[WhiteElo "2020"]
[BlackElo "1921"]
[Annotator "RC"]
[PlyCount "128"]
[EventDate "2024.07.01"]
[EventType "team-tourn"]
[EventCountry "POL"]
[SourceTitle "playchess.com"]
[Source "ChessBase"]
[SourceQuality "1"]
[TimeControl "40/5400+30:1800+30"]

1. Nf3 f5 2. d4 Nf6 3. c4 g6 4. g3 Bg7 5. Bg2 d6 6. O-O O-O 7. Nc3 Qe8 8. Qb3 c6 9. c5+ d5 10. Bf4 Nbd7 11. Ne5 e6 12. Nf3 Ne4 13. Nxe4 fxe4 14. Ne5 Nxe5 15. Bxe5 Bxe5 16. dxe5 Rf5 17. Qc3 b6 18. f3 exf3 19. Rxf3 Bd7 20. e4 dxe4 21. Rf4 Rxf4 22. gxf4 Qf8 23. Rf1 bxc5 24. Bxe4 Rb8 25. a3 Qe7 26. Rd1 Rf8 27. Qg3 c4 28. Rd6 Qf7 29. Bxc6 Bc8 30. Rd4 Qc7 31. Bg2 Qb6 32. Qf2 Qb3 33. Qd2 Qb6 34. Kh1 Qc7 35. Qb4 Ba6 36. Qd6 Qxd6 37. Rxd6 Bb5 38. Rd4 Rc8 39. Kg1 Kf7 40. Bf1 a6 41. a4 c3 42. bxc3 Bxf1 43. Kxf1 Rxc3 44. Kf2 Ra3 45. Kg2 a5 46. Kf2 g5 47. fxg5 Kg6 48. h4 Kf5 49. Rd7 Kxe5 50. Rxh7 Rxa4 51. g6 Rg4 52. Rh5+ Kf6 53. Rxa5 Kxg6 54. Rg5+ Rxg5 55. hxg5 Kxg5 56. Kg3 Kf5 57. Kf3 e5 58. Ke3 e4 59. Ke2 Kf4 60. Kf2 e3+ 61. Ke2 Ke4 62. Ke1 Kf3 63. Kf1 e2+ 64. Ke1 Ke3 1/2-1/2

[Event "WSTCC-50 2024"]
[Site "Krakow"]
[Date "2024.07.05"]
[Round "4.3"]
[White "Staeblein, Christoph"]
[Black "Duncan, Chris R"]
[Result "1/2-1/2"]
[ECO "D27"]
[WhiteElo "1991"]
[BlackElo "2156"]
[Annotator "RC"]
[PlyCount "78"]
[EventDate "2024.07.01"]
[EventType "team-tourn"]
[EventCountry "POL"]
[SourceTitle "playchess.com"]
[Source "ChessBase"]
[SourceQuality "1"]
[TimeControl "40/5400+30:1800+30"]

1. d4 d5 2. Nf3 Nf6 3. c4 dxc4 4. e3 e6 5. Bxc4 c5 6. O-O a6 7. dxc5 Qxd1 8. Rxd1 Bxc5 9. Be2 Nbd7 10. Nbd2 O-O 11. Nb3 Be7 12. Bd2 Nb6 13. Nbd4 Nbd5 14. Ne5 Ne4 15. Be1 f6 16. Nc4 e5 17. Nf5 Bxf5 18. Rxd5 Be6 19. Rdd1 Rfd8 20. Nb6 Rxd1 21. Rxd1 Rd8 22. Rxd8+ Bxd8 23. Bc4 Kf7 24. Bxe6+ Kxe6 25. Na4 b5 26. Nc3 Nc5 27. Nd1 f5 28. f3 g6 29. Kf1 Bc7 30. Ke2 h5 31. Bb4 Kd5 32. Nc3+ Kc4 33. Bxc5 Kxc5 34. Kd3 e4+ 35. fxe4 Bxh2 36. exf5 gxf5 37. e4 b4 38. Nd5 Be5 39. b3 a5 1/2-1/2

[Event "WSTCC-50 2024"]
[Site "Krakow"]
[Date "2024.07.05"]
[Round "4.4"]
[White "Novikov, Igor"]
[Black "D'Amore, Carlo"]
[Result "1/2-1/2"]
[ECO "D15"]
[WhiteElo "2509"]
[BlackElo "2357"]
[Annotator "RC"]
[PlyCount "75"]
[EventDate "2024.07.01"]
[EventType "team-tourn"]
[EventCountry "POL"]
[SourceTitle "playchess.com"]
[Source "ChessBase"]
[SourceQuality "1"]
[TimeControl "40/5400+30:1800+30"]

1. d4 d5 2. c4 c6 3. Nf3 Nf6 4. Nc3 a6 5. e3 Bf5 6. Ne5 Nbd7 7. Qb3 Qc7 8. cxd5 Nxe5 9. dxe5 Nxd5 10. Nxd5 cxd5 11. Bd2 Qxe5 12. Qxb7 Rb8 13. Qxa6 Qxb2 14. Rc1 e5 15. Bd3 Bxd3 16. Qxd3 Bb4 17. Rb1 Qxd2+ 18. Qxd2 Bxd2+ 19. Kxd2 Kd7 20. a4 Rxb1 21. Rxb1 Ra8 22. Rb7+ Ke6 23. Rb4 Kd6 24. Kc3 Ra6 25. Kb3 Kc7 26. Rb5 Rf6 27. f3 e4 28. f4 d4 29. Rb4 dxe3 30. Rxe4 e2 31. Rxe2 Rxf4 32. g3 Rf1 33. Kc4 Kc6 34. a5 Rc1+ 35. Kb4 Rb1+ 36. Kc4 Rc1+ 37. Kb4 Rb1+ 38. Kc4 1/2-1/2

[Event "WSTCC-50 2024"]
[Site "Krakow"]
[Date "2024.07.05"]
[Round "4.4"]
[White "Townsend, M Paul"]
[Black "Koop, Thilo"]
[Result "1/2-1/2"]
[ECO "A37"]
[WhiteElo "2147"]
[BlackElo "2088"]
[Annotator "RC"]
[PlyCount "54"]
[EventDate "2024.07.01"]
[EventType "team-tourn"]
[EventCountry "POL"]
[SourceTitle "playchess.com"]
[Source "ChessBase"]
[SourceQuality "1"]
[TimeControl "40/5400+30:1800+30"]

1. c4 c5 2. g3 Nc6 3. Bg2 g6 4. Nc3 Bg7 5. Nf3 e5 6. O-O Nge7 7. d3 d6 8. Rb1 O-O 9. a3 a5 10. Bd2 Rb8 11. Ne1 Be6 12. Nc2 d5 13. cxd5 Nxd5 14. b4 cxb4 15. Nxd5 Bxd5 16. axb4 Bxg2 17. Kxg2 Qd5+ 18. Kg1 axb4 19. Nxb4 Nxb4 20. Bxb4 Rfc8 21. Qb3 Qd7 22. Rfc1 h5 23. h4 Qg4 24. Bd6 Rxc1+ 25. Rxc1 Rc8 26. Rxc8+ Qxc8 27. Qb5 Qc6 1/2-1/2

[Event "WSTCC-50 2024"]
[Site "Krakow"]
[Date "2024.07.05"]
[Round "4.4"]
[White "Wielosz, Jaroslaw"]
[Black "Serafim Junior, Arnor"]
[Result "1/2-1/2"]
[ECO "A16"]
[WhiteElo "1920"]
[BlackElo "1770"]
[Annotator "NA RC"]
[PlyCount "97"]
[EventDate "2024.07.01"]
[EventType "team-tourn"]
[EventCountry "POL"]
[SourceTitle "playchess.com"]
[Source "ChessBase"]
[SourceQuality "1"]
[TimeControl "40/5400+30:1800+30"]

1. c4 Nf6 2. Nc3 g6 3. Nf3 Bg7 4. g3 O-O 5. Bg2 d6 6. O-O e5 7. d3 Re8 8. Bg5 h6 9. Bxf6 Bxf6 10. Rb1 a5 11. a3 c6 12. b4 axb4 13. axb4 Be6 14. Ne4 Bg7 15. c5 Bf8 16. Nxd6 Bxd6 17. cxd6 Qxd6 18. Qd2 Kh7 19. Ra1 Na6 20. Rfb1 Nc7 21. Qb2 f6 22. Nd2 Nb5 23. Ne4 Qe7 24. e3 Bd5 25. Nc3 Nxc3 26. Qxc3 Bxg2 27. Kxg2 Qd7 28. Qc4 Red8 29. Rxa8 Rxa8 30. b5 Qd5+ 31. Qxd5 cxd5 32. Rc1 Ra3 33. Rc7+ Kg8 34. d4 exd4 35. exd4 Ra4 36. Rxb7 Rxd4 37. b6 Rb4 38. Kf3 d4 39. Ke4 Kh8 40. h4 h5 41. f3 Kg8 42. g4 hxg4 43. fxg4 f5+ 44. gxf5 gxf5+ 45. Kxf5 d3 46. Rd7 Rxb6 47. Rxd3 Rb5+ 48. Kg4 Kg7 49. Rf3 1/2-1/2

[Event "WSTCC-50 2024"]
[Site "Krakow"]
[Date "2024.07.05"]
[Round "4.5"]
[White "Adams, Michael"]
[Black "Hjartarson, Johann"]
[Result "1-0"]
[ECO "B40"]
[WhiteElo "2670"]
[BlackElo "2472"]
[Annotator "TA"]
[PlyCount "37"]
[EventDate "2024.07.01"]
[EventType "team-tourn"]
[EventCountry "POL"]
[SourceTitle "playchess.com"]
[Source "ChessBase"]
[SourceQuality "1"]
[TimeControl "40/5400+30:1800+30"]

1. e4 c5 2. Nf3 e6 3. Nc3 a6 4. g3 d6 5. Bg2 Nf6 6. e5 dxe5 7. Nxe5 Qc7 8. Nc4 {[%emt 0:03:31] White is slightly better.} Bd7 9. d3 {[%emt 0:01:21] Hoping for Bf4.} Bc6 $1 10. Bf4 Qd8 11. Ne4 Nd5 (11... Be7 $14) 12. Be5 $16 {[%emt 0:16:06] White is much more active.} Nd7 13. O-O {[%emt 0:05:18] Black must now prevent f4.} Nxe5 14. Nxe5 {[%emt 0:00:09] aiming for Qh5.} Rc8 {[%emt 0:03:59] [#]} (14... Be7 $1 $14) 15. Qh5 $1 $40 {[%emt 0:07:19][%csl Ge5][%cal Rh5f7][%mdl 128] White goes for the king.} g6 $2 {[%emt 0:01:54] [#] This costs Black the game.} (15... Rc7 $16 {was worth a try.}) 16. Nxg6 $1 $18 fxg6 (16... hxg6 17. Qxh8) 17. Qe5 Qe7 (17... Nb4 $142 18. Qxh8 Qe7) 18. Qxh8 Kd7 19. d4 {[%emt 0:13:38] Weighted Error Value: White=0.03 (flawless) /Black=0.45.  Loses game:     	---       	Black=1      Mistake:       	---       	Black=3      Inaccurate:     	White=1     	---        OK:         	White=6     	Black=4      Best:        	White=1     	Black=2      Strong:       	White=1     	Black=1      Brilliant:      	White=1     	---} 1-0

[Event "WSTCC-50 2024"]
[Site "Krakow"]
[Date "2024.07.05"]
[Round "4.5"]
[White "Oratovsky, Michael"]
[Black "Lalic, Susan K"]
[Result "1-0"]
[ECO "C00"]
[WhiteElo "2417"]
[BlackElo "2235"]
[Annotator "RC"]
[PlyCount "89"]
[EventDate "2024.07.01"]
[EventType "team-tourn"]
[EventCountry "POL"]
[SourceTitle "playchess.com"]
[Source "ChessBase"]
[SourceQuality "1"]
[TimeControl "40/5400+30:1800+30"]

1. e4 e6 2. d3 d5 3. Nd2 Nf6 4. Ngf3 Be7 5. g3 b6 6. Bg2 Bb7 7. O-O c5 8. Re1 Nc6 9. c3 Qc7 10. Nf1 Rd8 11. Bf4 Qc8 12. e5 Nd7 13. d4 h6 14. h4 Nf8 15. Rc1 Rd7 16. h5 g5 17. hxg6 fxg6 18. Be3 Qd8 19. N1h2 h5 20. Qd2 cxd4 21. Nxd4 Nxd4 22. cxd4 Kf7 23. g4 h4 24. Bh3 g5 25. f4 gxf4 26. Bxf4 Kg7 27. g5 Qe8 28. Ng4 Qg6 29. Nf6 Bxf6 30. exf6+ Kf7 31. Rc3 Rg8 32. Kh2 Qh5 33. Rce3 Rxg5 34. Bxg5 Qxg5 35. Qf2 Bc8 36. Rxe6 Qg3+ 37. Qxg3 hxg3+ 38. Kxg3 Nxe6 39. Bxe6+ Kxf6 40. Bxd7 Bxd7 41. Kf4 a5 42. Rh1 Bf5 43. Rh6+ Bg6 44. a4 Kg7 45. Rxg6+ 1-0

[Event "WSTCC-50 2024"]
[Site "Krakow"]
[Date "2024.07.05"]
[Round "4.5"]
[White "Tsiganova, Monika"]
[Black "Jhunjhnuwala, Krishan"]
[Result "1-0"]
[ECO "B31"]
[WhiteElo "1999"]
[BlackElo "2227"]
[Annotator "TA"]
[PlyCount "67"]
[EventDate "2024.07.01"]
[EventType "team-tourn"]
[EventCountry "POL"]
[SourceTitle "playchess.com"]
[Source "ChessBase"]
[SourceQuality "1"]
[TimeControl "40/5400+30:1800+30"]

1. e4 c5 2. Nf3 Nc6 3. Bb5 g6 4. O-O Bg7 5. Re1 Nf6 6. h3 O-O 7. c3 Qb6 8. a4 a6 9. Bf1 e5 10. Na3 {[%emt 0:16:20][%cal Od2d4,Bb1a3,Ba3c4,Bc4b6,Bb6a4,Ba4c5][%mdl 32] The position is equal.} d5 11. exd5 Nxd5 12. Nc4 Qc7 13. Qb3 Nde7 (13... Rd8 $11 {remains equal.}) 14. a5 {[%emt 0:04:12] White is more active.} Be6 15. Qb6 $36 {[%emt 0:06:53][%mdl 2048] Black is under pressure.} Qxb6 (15... Nd5 $14 16. Qxc7 (16. Qxc5 Rfd8 $16) 16... Nxc7) 16. Nxb6 $16 Rad8 {[%emt 0:01:14] [#]} 17. Ng5 (17. Na4 $142 $1) 17... Bf5 18. Na4 Bh6 {[%emt 0:06:03] [#]} 19. d3 $1 {[%emt 0:04:37][%cal Og5e6] And now Ne6! would win.} f6 {[%emt 0:09:50] [#]} (19... Bg7 $16 {was necessary.}) 20. Ne6 $1 $18 Bxe6 21. Bxh6 Rfe8 22. Nxc5 Bc8 23. Ne4 Kf7 24. Be3 Nd5 25. Bc5 Re6 26. d4 exd4 27. cxd4 Kg7 28. Bc4 f5 $2 (28... g5 29. f3 h6) 29. Nc3 Rxe1+ 30. Rxe1 Nf4 {[%emt 0:04:15] White is clearly winning.} 31. Bb6 {[%emt 0:00:33] A strong pair of Bishops.} Rf8 32. d5 Nd8 {[%emt 0:01:04] Black is weak on the dark squares} (32... Nb4 $142 33. Bc5 Nbd3) 33. Re7+ Nf7 34. d6 {[%emt 0:00:17] Weighted Error Value: White=0.06 (flawless) /Black=0.38.  Mistake:       	White=1     	Black=5      Inaccurate:     	---       	Black=2      OK:         	White=12    	Black=9      Best:        	White=1     	Black=3      Strong:       	White=1     	---} 1-0

[Event "WSTCC-50 2024"]
[Site "Krakow"]
[Date "2024.07.05"]
[Round "4.6"]
[White "Petursson, Margeir"]
[Black "Emms, John M"]
[Result "1/2-1/2"]
[ECO "D36"]
[WhiteElo "2397"]
[BlackElo "2428"]
[Annotator "TA"]
[PlyCount "110"]
[EventDate "2024.07.01"]
[EventType "team-tourn"]
[EventCountry "POL"]
[SourceTitle "playchess.com"]
[Source "ChessBase"]
[SourceQuality "1"]
[TimeControl "40/5400+30:1800+30"]

1. d4 Nf6 2. c4 e6 3. Nc3 d5 4. cxd5 exd5 5. Bg5 c6 6. Qc2 h6 7. Bh4 Be7 8. e3 O-O 9. Bd3 Re8 10. Nf3 Ne4 11. Bxe7 Qxe7 12. Ne5 Nd7 13. Bxe4 dxe4 14. Nxd7 Bxd7 15. O-O Rad8 16. Rad1 Bg4 17. Rde1 Rd6 18. Qxe4 Qxe4 19. Nxe4 {[%emt 0:00:04] White is weak on the light squares} Rxe4 20. f3 {[%emt 0:00:07] [#]} Bxf3 21. gxf3 $11 {[%emt 0:00:10][%mdl 4096] Endgame. KRR-KRR} Re7 22. Kf2 Rd5 23. Re2 f5 24. f4 c5 25. dxc5 $1 Rxc5 26. Rd1 Rec7 27. Rdd2 Kf7 28. Kf3 g5 29. h3 Rc1 30. Rd6 R1c6 31. Red2 Rxd6 32. Rxd6 {[%emt 0:00:04] KR-KR} Kg7 33. b4 a5 34. bxa5 Rc5 {[%emt 0:00:08] The position is equal.} 35. a6 bxa6 36. Rxa6 Rc2 37. a4 Rh2 38. Kg3 Re2 39. Re6 Ra2 40. Re5 {[%emt 0:01:51] Black must now prevent fxg5.} Kf6 41. Ra5 {[%emt 0:33:09] And now Ra6+ would win.} Re2 $1 42. Re5 Ra2 43. a5 Ra3 44. h4 gxf4+ 45. Kxf4 Ra4+ 46. e4 fxe4 {[%emt 0:00:05][%cal Oe4e3] [#] ( -> ...e3+!)} 47. Rf5+ ({Much less strong is} 47. Rxe4 $6 Rxa5 48. Rb4 h5 $16) 47... Kg7 48. h5 Kg8 49. Rb5 Kf7 50. Rb7+ Kf8 51. Ra7 Kg8 52. a6 Kf8 53. Ke3 Kg8 54. Ra8+ Kg7 55. a7 Kh7 $1 {[%emt 0:00:39] Weighted Error Value: White=0.03 (flawless) /Black=0.03 (flawless) .  Inaccurate:     	White=2     	Black=2      OK:         	White=11    	Black=21     Best:        	White=2     	Black=3      Strong:       	White=1     	Black=2      Brilliant:      	---       	Black=1} 1/2-1/2